Match 42852395
Unlisted

Match 42852395
End
Selects Airborne Battlegroup
Selects Pathfinders
Pathfinder Squad
Construct Weapon Support Center
M1919 Machine Gun Team
Engineer Squad
Selects Paratrooper Squad Paradrop
Paratrooper Squad Paradrop
Air Support Center
P-47 Strafing Run
P-47 Dive Bomb
Construct Medical Station
Paratrooper Squad Paradrop
P-47 Strafing Run
Improved Aircraft Armor
Air Supremacy
Grasshopper Recon Run
Paratrooper Squad Paradrop
P-47 Strafing Run
Double Sortie
Grasshopper Recon Run
P-47 Strafing Run
Selects Anti-tank Gun Team Paradrop
Selects Recon Loiter
P-47 Dive Bomb
Paratrooper Squad Paradrop
P-47 Strafing Run
Anti-tank Gun Team Paradrop
P-47 Strafing Run
P-47 Strafing Run
P-47 Strafing Run
Grasshopper Recon Run
Paratrooper Squad Paradrop
Zarachas
Chuzmagic4
SakAt
kan22111996
Bophades
Honey
khj
Zebra
0
0

Comments sign in to comment!

No comments posted yet!